 Dungeon Crawl Stone Soup version 0.18.1-50-g88ac8fd (webtiles) character file.

2566 Monkfish the Covert (level 9, -1/55 HPs)
             Began as a Kobold Assassin on Oct 22, 2016.
             Slain by an orc warrior
             ... wielding a +0 halberd
              (7 damage)
             ... on level 7 of the Dungeon.
             The game lasted 00:29:15 (8735 turns).

Monkfish the Covert (Kobold Assassin)               Turns: 8735, Time: 00:29:16

Health: -1/55      AC: 17    Str: 11    XL:     9   Next: 87%
Magic:  0/14       EV: 13    Int:  9    God:
Gold:   352        SH:  6    Dex: 21    Spells: 1 memorised, 5 levels left

rFire  . . .     SeeInvis .     s - +1 dagger (protect)
rCold  . . .     Gourm    .     c - +4 moon troll leather armour {Spirit, Regen++ MP+5}
rNeg   + . .     Faith    .     j - +1 buckler
rPois  .         Spirit   +     (no helmet)
rElec  .         Dismiss  .     d - +0 cloak
rCorr  .         Reflect  .     e - +2 pair of gloves {archery}
SustAt .         Harm     .     (no boots)
MR     .....                    (no amulet)
Stlth  ++++++....               h - ring of positive energy
                                a - +2 ring of dexterity

@: not resistant to hostile enchantments, very stealthy
A: carnivore 3, mutation resistance 1
a: no special abilities


You were on level 7 of the Dungeon.
You were not hungry.

You visited 1 branch of the dungeon, and saw 8 of its levels.
You also visited: Ossuary.

You collected 352 gold pieces.

Inventory:

Hand Weapons
 b - a +0 blowgun
 s - a +1 dagger of protection (weapon)
Armour
 c - the +4 moon troll leather armour (worn) {Spirit, Regen++ MP+5}
   (You found it on level 4 of the Dungeon)

   It affects your magic capacity (+5).
   It increases your rate of regeneration.
 d - a +0 cloak (worn)
 e - a +2 pair of gloves of archery (worn)
 j - a +1 buckler (worn)
Jewellery
 a - a +2 ring of dexterity (left hand)
 h - a ring of positive energy (right hand)
Wands
 t - a wand of teleportation (4/9)
 v - a wand of teleportation (1/9)
Scrolls
 m - a scroll of magic mapping
 o - a scroll of remove curse
 r - a scroll of fog
Potions
 f - a potion of invisibility
 g - 2 potions of cure mutation
 i - 3 potions of curing
 k - a potion of heal wounds
 l - 2 potions of flight
 n - a potion of magic
Comestibles
 p - 8 slices of pizza
 q - 3 beef jerkies


   Skills:
 + Level 5.7 Fighting
 + Level 7.7 Short Blades
 * Level 8.0 Throwing
 - Level 1.2 Dodging
 * Level 11.4 Stealth
 - Level 0.2 Shields
 - Level 0.6 Transmutations
 - Level 0.4 Fire Magic
 - Level 0.6 Poison Magic


You had 5 spell levels left.
You knew the following spells:

 Your Spells              Type           Power        Failure   Level  Hunger
a - Ignite Poison         Fire/Trmt/Pois #.......     99%         3    ####...


Dungeon Overview and Level Annotations

Branches:
Dungeon (8/15)             Temple (0/1) D:6
   Lair: D:8-11

Altars:
Cheibriados
Fedhas
Gozag
Kikubaaqudgha
Pakellas
Trog
Xom

Annotations:
D:3 exclusion: giant frog
D:4 Grinder
D:5 Menkaure
D:6 Dowan; Duvessa
D:7 varam's ghost, novice TrMo


Innate Abilities, Weirdness & Mutations

You are small and have problems with some larger weapons.
You are carnivorous and can eat meat at any time.
You are somewhat resistant to further mutation.


Message History

You kill the orc priest!
The orc warrior hits you but does no damage.
There is an open door here.
Things that are here:
a hand axe; a poisoned needle The orc warrior hits you from afar with a halberd!
The orc wizard hits you but does no damage.
You see here an orc corpse.
You hit the orc wizard but do no damage.
The orc wizard hits you but does no damage.
The orc warrior hits you from afar with a halberd!
* * * LOW HITPOINT WARNING * * *
You hit the orc wizard.
The orc wizard is lightly wounded.
The orc wizard closely misses you.
You hit the orc wizard.
The orc wizard is moderately wounded.
The orc wizard closely misses you.
The orc warrior hits you from afar with a halberd!
You die...

#.....#.....#......(..
#.....#.%...#>........
##)..##.....#..#######
##...##.....##.#.....#
#....##.....##.#.....#
#....##..<..##.###'###
#.....#....†)..#....%#
#.....#........'÷....#
#....@#........#######
#.....o(........[.....
##..###o.##.####.##...
#######'##.####.##...
#....)#...........
#.....#...........
#..%..#...........
#.....#...........
#.....#.........>.


You could see an orc warrior and an orc wizard.

Vanquished Creatures
  Pikel (D:5)
  A hog (D:7)
  A human (D:7)
  2 black bears
  2 ice beasts
  A sky beast (D:7)
  A slave (D:5)
  A phantom (D:7)
  An ogre (D:8)
  2 giant frogs (D:7)
  3 scorpions
  A crimson imp (D:7)
  2 hounds (D:4)
  8 orc priests
  3 orc wizards
  5 iguanas
  5 worker ants
  3 sheep (D:7)
  A hound zombie (D:5)
  4 mummies
  A worker ant zombie (D:5)
  5 adders
  A shadow imp (D:8)
  2 oozes
  2 adder skeletons
  An adder zombie (D:5)
  4 worms
  6 dart slugs
  13 orcs
  2 giant cockroaches (D:4)
  A gnoll zombie (Ossuary)
  6 goblins
  7 hobgoblins
  15 jackals
  A quokka (D:4)
  10 bats
  A giant cockroach zombie (D:5)
  4 giant newts
  2 hobgoblin zombies (Ossuary)
  9 kobolds
  2 kobold zombies (Ossuary)
  An orc zombie (Ossuary)
  7 rats
151 creatures vanquished.

Vanquished Creatures (others)
  An orc wizard (D:7)
1 creature vanquished.

Grand Total: 152 creatures vanquished

Notes
Turn   | Place    | Note
--------------------------------------------------------------
     0 | D:1      | Monkfish the Kobold Assassin began the quest for the Orb.
     0 | D:1      | Reached XP level 1. HP: 12/12 MP: 1/1
   204 | D:1      | Reached XP level 2. HP: 17/17 MP: 2/2
   605 | D:1      | Reached XP level 3. HP: 3/21 MP: 3/3
   912 | D:1      | Reached skill level 6 in Stealth
   993 | D:1      | Found a blossoming altar of Fedhas.
  1330 | D:2      | Reached XP level 4. HP: 23/27 MP: 4/4
  1562 | D:2      | Found an oddly glowing altar of Pakellas.
  1777 | D:2      | Found a blossoming altar of Fedhas.
  2248 | D:2      | Learned a level 3 spell: Ignite Poison
  2654 | D:3      | Noticed a giant frog
  2680 | D:3      | Found a snail-covered altar of Cheibriados.
  2747 | D:3      | Reached XP level 5. HP: 31/31 MP: 5/5
  3187 | D:3      | Reached skill level 7 in Stealth
  3432 | D:4      | Noticed a phantom
  3441 | D:3      | Reached XP level 6. HP: 29/37 MP: 6/6
  4583 | D:4      | Noticed Grinder
  4762 | D:4      | Reached XP level 7. HP: 41/41 MP: 7/7
  4897 | D:4      | Found an ancient bone altar of Kikubaaqudgha.
  4987 | D:4      | Reached skill level 8 in Stealth
  5354 | D:4      | Found a shimmering altar of Xom.
  5371 | D:4      | Paralysed by Grinder for 4 turns
  5401 | D:5      | Entered Level 5 of the Dungeon
  5413 | D:5      | Noticed Menkaure
  5462 | D:5      | Found a sand-covered staircase.
  5468 | Ossuary  | Entered an ossuary
  5560 | Ossuary  | Gained mutation: You are somewhat resistant to further mutation. [potion of mutation]
  5944 | D:5      | HP: 2/41 [ice beast (11)]
  5951 | D:5      | Reached skill level 5 in Short Blades
  5951 | D:5      | Reached skill level 5 in Throwing
  6063 | D:5      | Found an opulent altar of Gozag.
  6174 | D:5      | Noticed Pikel
  6200 | D:5      | Killed Pikel
  6200 | D:5      | Reached skill level 9 in Stealth
  6200 | D:5      | Reached XP level 8. HP: 39/48 MP: 8/8
  6331 | D:5      | You fall through a shaft!
  6501 | D:5      | Reached skill level 10 in Stealth
  6962 | D:6      | Found a staircase to the Ecumenical Temple.
  6998 | D:6      | Noticed Dowan
  6999 | D:6      | Noticed Duvessa
  7382 | D:7      | Found a bloodstained altar of Trog.
  7405 | D:6      | Reached skill level 5 in Fighting
  7405 | D:6      | Reached XP level 9. HP: 54/54 MP: 9/9
  7492 | D:7      | Noticed varam's ghost (novice TrMo)
  7893 | D:7      | Reached skill level 11 in Stealth
  8735 | D:7      | Slain by an orc warrior

Skill      XL: |  1  2  3  4  5  6  7  8  9 |
---------------+----------------------------+-----
Stealth        | 6 7 9 10 11 | 11.4
Throwing       | 3 4 5 6 8 |  8.0
Short Blades   | 3 4 6 7 |  7.7
Fighting       | 3 4 5 |  5.7
Dodging        | |  1.2
Shields        | |  0.2
Transmutations | |  0.6
Fire Magic     | |  0.4
Poison Magic   | |  0.6

Action                   |  1- 3 |  4- 6 |  7- 9 || total
-------------------------+-------+-------+-------++-------
Melee: Dagger            |    68 |   232 |   742 ||  1042
       Blowgun           |       |     1 |       ||     1
 Fire: Blowgun           |    28 |    21 |    93 ||   142
Evoke: Wand              |       |       |     2 ||     2
  Use: Scroll            |     3 |     9 |     6 ||    18
       Potion            |     2 |     2 |     2 ||     6
 Stab: Sleeping          |     3 |     8 |    10 ||    21
  Eat: Chunk             |     7 |     6 |    11 ||    24
       Meat ration       |       |     1 |       ||     1
Armor: Robe              |    18 |    25 |       ||    43
       Troll leather arm |       |    18 |   218 ||   236
       Leather armour    |       |    11 |       ||    11
Dodge: Dodged            |    65 |   107 |   270 ||   442
Block: Buckler           |    24 |    41 |   142 ||   207
